 Dungeon Crawl Stone Soup version 0.22.0-1-g6561e4c (webtiles) character file.

44 lukekx100 the Insei (level 3, 0/23 HPs)
             Began as an Octopode Transmuter on Aug 12, 2018.
             Succumbed to an adder's poison
             ... on level 2 of the Dungeon.
             The game lasted 00:08:28 (1638 turns).

lukekx100 the Insei (Octopode Transmuter)           Turns: 1638, Time: 00:08:30

Health: 0/23       AC:  1    Str:  9    XL:     3   Next: 62%
Magic:  4/6        EV: 13    Int: 16    God:
Gold:   55         SH:  0    Dex: 12    Spells: 0/6 levels left

rFire    . . .     SeeInvis .     - Unarmed
rCold    . . .     Gourm    .   (no shield)
rNeg     . . .     Faith    .   (helmet restricted)
rPois    .         Spirit   .   (no amulet)
rElec    .         Reflect  .   (no ring)
rCorr    .         Harm     .   (no ring)
MR       .....                  (no ring)
Stlth    +++.......             (no ring)
HPRegen  0.07/turn              (no ring)
MPRegen  0.10/turn              (no ring)
                                (no ring)
                                (no ring)

@: lethally poisoned (0 -> -6)
A: almost no armour, stealthy swim, amphibious, 8 rings, constrict 8, camouflage
1, gelatinous body 1
a: no special abilities


You were on level 2 of the Dungeon.
You were not hungry.

You visited 1 branch of the dungeon, and saw 2 of its levels.

You collected 55 gold pieces.

Inventory:

Hand Weapons
 d - a +2 short sword of protection
 e - a +2 short sword of flaming
Missiles
 a - 17 arrows
Armour
 b - a +0 pair of boots
 g - a +0 pair of gloves
Wands
 h - a wand of enslavement (12)
Scrolls
 f - a scroll of magic mapping {unknown}


   Skills:
 - Level 1.2 Fighting
 + Level 2.3 Dodging
 + Level 1.3 Stealth
 + Level 3.3 Unarmed Combat
 + Level 2.2 Spellcasting
 * Level 2.5 Transmutations
 * Level 0.7 Poison Magic


You couldn't memorise any spells.
You knew the following spells:

 Your Spells              Type           Power        Failure   Level  Hunger
a - Beastly Appendage     Tmut           #.....       7%          1    #......
b - Sticks to Snakes      Tmut           #.......     11%         2    ###....
c - Spider Form           Tmut/Pois      #.........   30%         3    ###....

Your spell library contained the following spells:

 Spells                   Type           Power        Failure   Level  Hunger
 Blade Hands              Tmut           #.........   89%         5    ######.
 Ice Form                 Ice/Tmut       #.......     77%         4    #####..


Dungeon Overview and Level Annotations

Branches:
Dungeon (2/15)

Altars:


Innate Abilities, Weirdness & Mutations

You cannot wear most types of armour.
You are very stealthy in the water. (Stealth+)
You are amphibious.
You can wear up to eight rings at the same time.
You can use your tentacles to constrict eight enemies at once.
Your skin changes colour to match your surroundings (Stealth+).
Your rubbery body absorbs attacks. (AC +1, EV +1)


Message History

You feel sick. The adder closely misses you. The adder bites you.
The goblin misses you. The adder completely misses you.
You closely miss the adder.
The adder is almost dead.
You feel sick.
The adder bites you. x2; The goblin closely misses you.
The adder barely misses you.
You kill the adder!
The goblin misses you.
Your transformation has ended.
You feel sick.
You feel sick. The adder bites you.
* * * LOW HITPOINT WARNING * * *
You aren't carrying any potions.
* * * LOW HITPOINT WARNING * * *
You feel sick. The adder bites you.
* * * LOW HITPOINT WARNING * * *
You barely miss the adder. Your grab misses the adder. You squeeze the adder!
The adder is severely wounded.
You die...

#.# #.######### ..# #.#
#.........# ....# #.#
#.........# ..?.# #.#
#.........# ....# #########.#
#.........##....##
......)...###................#
#########.).#....†(.?........#
#...##.............!.#
#.......@Sgg...../...#
#...#########........# #...#
#.>......# .....+ #........#
###...# #....$>..# .....
#........# .#.... #........#
#.#... ##########


You could see an adder, a hobgoblin and a goblin.

Vanquished Creatures
  An adder (D:2)
  A worm (D:2)
  2 dart slugs
  2 ball pythons
  3 giant cockroaches (D:2)
  A goblin (D:2)
  3 hobgoblins (D:1)
  2 bats
  2 frilled lizards
  6 kobolds
  2 rats (D:1)
25 creatures vanquished.

Vanquished Creatures (collateral kills)
  A giant cockroach (D:1)
  A frilled lizard (D:1)
  A kobold (D:1)
  2 rats (D:1)
5 creatures vanquished.

Grand Total: 30 creatures vanquished

Notes
Turn   | Place    | Note
-------+----------+-------------------------------------------
     0 | D:1      | lukekx100 the Octopode Transmuter began the quest for the Orb.
     0 | D:1      | Reached XP level 1. HP: 13/13 MP: 3/3
   395 | D:1      | Reached XP level 2. HP: 14/18 MP: 5/5
   399 | D:1      | Learned a level 2 spell: Sticks to Snakes
   914 | D:1      | Reached skill level 1 in Stealth
  1470 | D:2      | Reached XP level 3. HP: 23/23 MP: 6/6
  1475 | D:2      | Learned a level 3 spell: Spider Form
  1637 | D:2      | HP: 1/23 [adder (4)]
  1638 | D:2      | Succumbed to an adder's poison

Skill      XL: |  1  2 |
---------------+-------+-----
Stealth        | 1 |  1.3
Fighting       | |  1.2
Dodging        | |  2.3
Unarmed Combat | |  3.3
Spellcasting   | |  2.2
Transmutations | |  2.5
Poison Magic   | |  0.7

Action                   || total
-------------------------++-------
Melee: Unarmed           ||    46
       Constrict         ||    12
       Tentacles         ||     7
       Punch             ||     1
       Short sword       ||     8
 Cast: Sticks to Snakes  ||    13
       Spider Form       ||     4
 Stab: Distracted        ||     1
       Sleeping          ||     1
  Eat: Ration            ||     1
       Chunk             ||     1
Dodge: Dodged            ||    54
